 Dungeon Crawl Stone Soup version 0.21.1 (webtiles) character file.

259 Hat the Chopper (level 5, 0/46 HPs)
             Began as a Deep Dwarf Berserker on Feb 2, 2018.
             Was a Believer of Trog.
             Slain by an ogre
             ... wielding a +0 giant club
              (19 damage)
             ... on level 2 of the Dungeon.
             The game lasted 00:20:30 (2161 turns).

Hat the Chopper (Deep Dwarf Berserker)              Turns: 2161, Time: 00:20:31

Health: 0/46       AC:  6    Str: 21    XL:     5   Next: 94%
Magic:  5/5        EV: 10    Int:  8    God:    Trog [**....]
Gold:   175        SH:  0    Dex: 12    Spells: 4/4 levels left

rFire    . . .     SeeInvis .   a - +1 hand axe
rCold    . . .     Gourm    .   (no shield)
rNeg     . . .     Faith    .   o - +0 scale mail
rPois    .         Spirit   .   (no helmet)
rElec    .         Reflect  .   k - scarf {cloud immunity}
rCorr    .         Harm     .   (no gloves)
MR       ++...                  (no boots)
Stlth    ..........             (no amulet)
HPRegen  1.00/turn              b - ring of flight
MPRegen  0.09/turn              (no ring)

@: non-regenerating
A: damage resistance, heal wounds, sense surroundings 1, no regeneration
a: Heal Wounds, Berserk, Trog's Hand, Burn Spellbooks, Renounce Religion, Evoke
Flight


You were on level 2 of the Dungeon.
You worshipped Trog.
Trog was pleased with you.
You were not hungry.

You visited 1 branch of the dungeon, and saw 4 of its levels.

You collected 175 gold pieces.

Inventory:

Hand Weapons
 a - a +1 hand axe (weapon)
Armour
 k - a scarf of cloud immunity (worn)
 o - a +0 scale mail (worn)
Jewellery
 b - a ring of flight (left hand)
 p - an uncursed amulet of the gourmand
Wands
 n - a wand of paralysis (18)
 r - a wand of polymorph (15)
Scrolls
 d - 2 scrolls of enchant weapon
 e - 6 scrolls of identify
 j - 2 scrolls of blinking
 q - 3 scrolls of remove curse
Potions
 g - a potion of magic {unknown}
 h - 3 potions of lignification {unknown}
 i - 2 potions of brilliance {unknown}
 l - 2 potions of flight {unknown}
 m - 2 potions of curing {unknown}
 s - a potion of heal wounds {unknown}
 t - a potion of cancellation {unknown}
Comestibles
 c - 4 rations


   Skills:
 - Level 2.6 Fighting
 * Level 7.4 Axes
 - Level 2.1 Armour
 - Level 2.1 Dodging


You had 4 spell levels left.
You didn't know any spells.

Dungeon Overview and Level Annotations

Branches:
Dungeon (4/15)
 Temple: D:4-7

Altars:
Makhleb


Innate Abilities, Weirdness & Mutations

You are resistant to damage.
You can heal yourself by infusing magical energy.
You passively map a small area around you.
You do not regenerate.


Message History

You see here a dagger.
Your skin crawls.
You feel resistant to hostile enchantments.
You feel somewhat more hungry.
The ogre shouts!
You hit the ogre.
The ogre is lightly wounded.
The ogre hits you with a giant club!!
You hit the ogre but do no damage.
The ogre is lightly wounded.
The ogre barely misses you.
You closely miss the ogre.
The ogre is lightly wounded.
You hit the ogre.
The ogre is lightly wounded.
The ogre completely misses you.
You hit the ogre.
The ogre is heavily wounded.
The ogre hits you with a giant club!!
You die...

.###.## #..# #.#
#####.###..############ #.#
##....................# #.#
##.##[###..##########.# #..
.#.........# #.# #..
#...######.# #.# #.. ##..#
#.# #.# #.. #..#
#.##########.# #.. #..#
#.....O@.....# ##. #..#
###########..# #. #[)# #..#
#. #..################.###
#. #.....................#
#. #.#################.#.#
#. #.# #.#)#########. #.#
#.#........... #.#
##############.....)...####


You could see an ogre.

Vanquished Creatures
  2 hounds
  2 orc wizards (D:3)
  Terence (D:2)
  3 adders
  A shadow imp (D:4)
  2 oozes (D:1)
  A worm (D:2)
  3 dart slugs (D:1)
  2 leopard geckos (D:1)
  3 orcs (D:3)
  6 bats
  4 giant cockroaches
  5 hobgoblins
  4 jackals (D:3)
  3 quokkas
  8 frilled lizards
  3 goblins
  7 kobolds
  3 rats
63 creatures vanquished.

Notes
Turn   | Place    | Note
-------+----------+-------------------------------------------
     0 | D:1      | Hat the Deep Dwarf Berserker began the quest for the Orb.
     0 | D:1      | Reached XP level 1. HP: 20/20 MP: 1/1
    80 | D:1      | Reached skill level 4 in Axes
    80 | D:1      | Reached XP level 2. HP: 24/27 MP: 2/2
   366 | D:1      | Reached XP level 3. HP: 28/33 MP: 3/3
   507 | D:3      | Reached ** piety under Trog
   865 | D:1      | Reached skill level 5 in Axes
  1162 | D:2      | Noticed Terence
  1175 | D:2      | Killed Terence
  1175 | D:2      | Reached XP level 4. HP: 31/40 MP: 4/4
  1479 | D:3      | Reached skill level 6 in Axes
  1567 | D:3      | Reached XP level 5. HP: 25/46 MP: 5/5
  1632 | D:2      | Found a burning altar of Makhleb.
  1643 | D:2      | Reached skill level 7 in Axes
  1669 | D:2      | Noticed an ogre
  2161 | D:2      | Slain by an ogre

Skill      XL: |  1  2  3  4  5 |
---------------+----------------+-----
Axes           | 4 5 6 7 |  7.4
Fighting       | |  2.6
Armour         | |  2.1
Dodging        | |  2.1

Action                   |  1- 3 |  4- 6 || total
-------------------------+-------+-------++-------
Melee: Hand axe          |   137 |   130 ||   267
Invok: Trog's Hand       |     1 |     4 ||     5
  Use: Scroll            |     3 |     1 ||     4
 Stab: Sleeping          |     2 |       ||     2
  Eat: Chunk             |     1 |     5 ||     6
Armor: Animal skin       |     3 |       ||     3
       Leather armour    |    24 |     4 ||    28
       Scale mail        |       |    31 ||    31
Dodge: Dodged            |    98 |    72 ||   170
